 Dungeon Crawl Stone Soup version 0.28.0-45-g0d030f2227 (webtiles) character file.

Game seed: 15540487750146734958

32 MisterFreud the Changer (level 3, 0/28 HPs)
             Began as a Draconian Transmuter on Apr 19, 2022.
             Succumbed to an adder's poison
             ... on level 2 of the Dungeon.
             The game lasted 00:01:06 (1357 turns).

MisterFreud the Changer (Draconian Transmuter)      Turns: 1357, Time: 00:01:07

Health: 0/28       AC:  5    Str: 12    XL:     3   Next: 10%
Magic:  5/6        EV: 12    Int: 15    God:
Gold:   48         SH:  0    Dex: 11    Spells: 3/6 levels left

rFire   + . .      SeeInvis .     - Unarmed
rCold   + . .      Faith    .   (no shield)
rNeg    . . .      Spirit   .   (armour unavailable)
rPois   +          Reflect  .   (helmet currently unavailable)
rElec   +          Harm     .   (no cloak)
rCorr   +          Rampage  .   (no gloves)
Will    .....                   (boots currently unavailable)
Stlth   +.........              (no amulet)
HPRegen 0.09/turn               (no ring)
MPRegen 0.10/turn               (no ring)

@: brilliant, lethally poisoned (0 -> -6), appendages (expiring), resistant
A: horns 2, talons 2, AC +5, unfitting armour, cold-blooded
a: End Transformation


You were on level 2 of the Dungeon.
You had temporarily grown beastly horns and talons.
You visited 1 branch of the dungeon, and saw 2 of its levels.

You collected 48 gold pieces.

Inventory:

Scrolls
 a - a scroll of fog {unknown}
 c - a scroll of magic mapping {unknown}
 d - a scroll of blinking {unknown}
 e - a scroll of summoning {unknown}
 g - a scroll of identify {unknown}
 h - a scroll of fear {unknown}
Potions
 i - a potion of curing {unknown}
 j - a potion of might {unknown}


   Skills:
 - Level 1.1 Fighting
 - Level 1.7 Dodging
 - Level 3.0 Unarmed Combat
 - Level 2.0 Spellcasting
 + Level 3.6 Transmutations


You had 3 spell levels left.
You knew the following spells:

 Your Spells              Type           Power      Damage    Failure   Level
a - Beastly Appendage     Tmut           36%        N/A       4%          1
b - Wereblood             Tmut           18%        N/A       8%          2

Your spell library contained the following spells:

 Spells                   Type           Power      Damage    Failure   Level
 Spider Form              Tmut/Pois      10%        N/A       32%         3
 Ice Form                 Ice/Tmut       10%        N/A       71%         4


Dungeon Overview and Level Annotations

Branches:
Dungeon (2/15)

Altars:


Innate Abilities, Weirdness & Mutations

You have temporarily grown beastly horns and talons.
Your plain brown scales are hard. (AC +5)
You cannot fit into any form of body armour.
You are cold-blooded and may be slowed by cold attacks.


Message History

Unknown command.
Unknown command.
You closely miss the adder. Your kick misses the adder.
The adder is heavily wounded.
The adder bites you but does no damage. The adder closely misses you.
The rat misses you.
You miss the adder.
The adder is heavily wounded.
The adder misses you. The rat closely misses you.
You barely miss the adder. You claw the adder, but do no damage.
The adder is heavily wounded.
The adder bites you but does no damage.
You closely miss the adder.
The adder is heavily wounded.
The adder bites you.
* * * LOW HITPOINT WARNING * * *
The rat bites you but does no damage.
You closely miss the adder. Your kick misses the adder.
Your headbutt misses the adder.
Your tail-slap misses the adder.
Your punch misses the adder.
The adder is heavily wounded.
Your transformation is almost over.
The adder misses you. The rat bites you.
* * * LOW HITPOINT WARNING * * *
The adder bites you but does no damage.
You miss the adder. Your kick misses the adder.
The adder is heavily wounded.
The rat bites you but does no damage. The adder bites you.
* * * LOW HITPOINT WARNING * * *
You are lethally poisoned!
The adder poisons you!
Unknown command.
It was a potion of resistance.
You feel protected.
* * * LOW HITPOINT WARNING * * *
You feel sick. The rat bites you but does no damage.
The adder closely misses you.
It was a potion of brilliance.
You feel clever all of a sudden.
You die...

###.#.# .>..#.# ##.#.#
#####.# ..... ###.#####
#...# #.......# #...# #
#.......# #...# ..
#.#.....#.#####...##.##
........#.#...........##
#.#..#..........@r......
#.#.......#......S......
# ##......####.....#.#..
###.#### #.....# .. #..
#.....# . #.# #.....# ##
#. #.....# .####.#
###.### ......# .#


You could see an adder and a rat.

Vanquished Creatures
  An adder (D:2)
  2 dart slugs (D:1)
  A ball python (D:1)
  3 endoplasms
  3 giant cockroaches (D:1)
  A hobgoblin (D:1)
  2 quokkas (D:1)
  2 bats (D:1)
  A goblin (D:1)
  A kobold (D:1)
  2 rats (D:1)
19 creatures vanquished.

Notes
Turn   | Place    | Note
-------+----------+-------------------------------------------
     0 | D:1      | MisterFreud the Draconian Transmuter began the quest for
                  | the Orb.
     0 | D:1      | Reached XP level 1. HP: 16/16 MP: 3/3
   443 | D:1      | Reached XP level 2. HP: 23/23 MP: 3/5
  1145 | D:1      | Learned a level 2 spell: Wereblood
  1186 | D:2      | Reached XP level 3. HP: 28/28 MP: 4/6
  1356 | D:2      | HP: 1/28 [poisoned by an adder]
  1357 | D:2      | Succumbed to an adder's poison

Illustrated notes

Levels and vault maps discovered:
D:1:      lightli_arrival_isolated_outpost, layout_loops_ring
D:2:      layout_loops_cross

Skill      XL: |  1  2 |
---------------+-------+-----
Transmutations | 3 |  3.6
Fighting       | |  1.1
Dodging        | |  1.7
Unarmed Combat | |  3.0
Spellcasting   | |  2.0

Action                   || total
-------------------------++-------
Melee: Unarmed           ||    73
       Kick              ||     9
       Headbutt          ||     5
       Tailslap          ||     4
 Cast: Beastly Appendage ||    16
  Use: Potion            ||     2
Armor: Skin              ||    36
Dodge: Dodged            ||    52
